[Event "Stare Mesto Open-A 2022"]
[Site "Stare Mesto"]
[Date "2022.08.12"]
[Round "1.1"]
[White "Haba, Petr"]
[Black "Machacek, Jan"]
[Result "1-0"]
[ECO "B90"]
[WhiteElo "2453"]
[BlackElo "1985"]
[Annotator "TA"]
[PlyCount "37"]
[EventDate "2022.08.12"]
[EventType "swiss"]
[EventCountry "CZE"]
[SourceTitle "playchess.com"]
[Source "ChessBase"]
[SourceQuality "1"]
[TimeControl "40/5400+30:1800+30"]

1. e4 c5 2. Nf3 d6 3. d4 cxd4 4. Nxd4 Nf6 5. Nc3 a6 6. Be3 e5 7. Nf3 b5 (7... Be7 $11 {remains equal.}) 8. a4 $16 {B90: Sicilian Najdorf: Unusual White 6th moves, 6 Be3 Ng4 and 6 Be3 e5.} b4 9. Nd5 Nbd7 10. Nxb4 {[%emt 0:04:39] [#] 0x0.002363f69243dp-1022s more active pieces. The black rooks are badly placed. White is slightly better.} Qa5 $146 (10... Bb7 $14) ({Predecessor:} 10... Bb7 11. Bc4 Nxe4 12. O-O Be7 13. Bd5 Qc8 14. Bxb7 Qxb7 15. Nd5 Ndf6 16. Nb6 Rd8 {½-½ (51) Vuelban,V (2289)-Lajthajm,B (2427) Backi Petrovac 2017}) 11. c3 Nxe4 {[%emt 0:05:36] [#]} (11... Qc7 $16) 12. Bc4 $1 $18 Ndf6 13. Ng5 Nxg5 14. Bxg5 Be6 $2 (14... Qc7 15. Qd3 a5) 15. Bxe6 fxe6 16. Bxf6 {[%emt 0:00:09] White is winning.} gxf6 17. Qh5+ ({Not} 17. Qf3 Qd8 $16) 17... Kd7 18. Qf7+ ({And not} 18. Qf3 d5 19. O-O Qd8 $11) 18... Be7 {[%emt 0:00:07] [#]} 19. Qxe7+ $3 {[%emt 0:00:11][%mdl 512] Black did not feel at home in the position after the opening.  Weighted Error Value: White=0.08 (flawless) /Black=0.70} 1-0

[Event "Stare Mesto Open-A 2022"]
[Site "Stare Mesto"]
[Date "2022.08.12"]
[Round "1.2"]
[White "Krizek, Frantisek"]
[Black "Cerveny, Martin"]
[Result "0-1"]
[ECO "A16"]
[WhiteElo "1970"]
[BlackElo "2396"]
[Annotator "TA"]
[PlyCount "90"]
[EventDate "2022.08.12"]
[EventType "swiss"]
[EventCountry "CZE"]
[SourceTitle "playchess.com"]
[Source "ChessBase"]
[SourceQuality "1"]
[TimeControl "40/5400+30:1800+30"]

1. c4 Nf6 2. Nc3 e5 3. Nf3 d6 4. d4 exd4 5. Nxd4 g6 6. Bg5 Bg7 7. e3 {[%emt 0:01:42] A54: Old Indian Defence with Nf3, but without e4.} O-O 8. Be2 h6 9. Bh4 {[%emt 0:00:30] The position is equal.} Re8 10. O-O {[%emt 0:00:48] [#]} a5 $146 ({Predecessor:} 10... Nc6 11. Nxc6 bxc6 12. Bf3 Bd7 13. b4 g5 14. Bg3 h5 15. h4 Ng4 16. Rc1 gxh4 {0-1 (29) Raetsky,A (2459)-Glek,I (2534) Switzerland 2005}) 11. Qc2 Nc6 12. Nxc6 bxc6 13. Rad1 Bd7 14. c5 d5 15. Bd3 (15. e4 {is more complex.} Qe7 16. exd5 Qxc5 17. dxc6 Bxc6 18. Rd2) 15... Qe7 16. Na4 Bc8 17. Rfe1 g5 18. Bg3 Ba6 19. Bxa6 Rxa6 20. f3 Ra7 21. b3 Rb7 22. Bf2 (22. Qd3 $5 ) 22... Qe6 23. Qd2 Rb4 24. a3 $2 (24. Nb2 $11) 24... Rb5 $2 ({Black should try} 24... Rxb3 $19 {And now ...Reb8 would win.} 25. Qa2 Reb8) 25. b4 axb4 26. axb4 Reb8 (26... g4 {seems wilder.} 27. Nc3 Rxb4 28. e4 gxf3 29. Nxd5 Rbb8) 27. Rb1 Nd7 (27... Qc8 $17 28. Bg3 Qa6) 28. e4 $15 dxe4 29. Rxe4 Qd5 {[%emt 0:00:11] [#]} (29... Qf5 $15 {keeps the upper hand.}) 30. Qe2 (30. Qc2 $1 $16 {Hoping for Rd1.} Be5 31. Rd1) 30... Nf8 31. Rc4 Qf5 $36 {[%emt 0:00:41][%mdl 2048] Black is pushing.} 32. Qe4 ({White should play} 32. Re4 $15) 32... Qxe4 $17 33. Rxe4 Ne6 (33... Ra8 $17 34. Nb2 f5) 34. g3 $15 Ra8 35. Nb2 Ra3 {[%emt 0:00:08] [#] aiming for ...Rb3.} 36. Nc4 $1 Rxf3 (36... Ra4 $15) 37. Ne5 (37. Na5 $1 $11) 37... Bxe5 $17 38. Rxe5 Ra3 39. Re4 h5 40. h3 ({Better is} 40. Bd4) 40... Kg7 41. Kg2 Ra2 {[%emt 0:40:42][%cal Oe6c5] Black is clearly better.} 42. Kg1 Rb8 43. Rf1 Kg6 44. Rd1 (44. h4 $17) 44... Rb2 $19 45. Be1 Ra8 {[%emt 0:00:00] Weighted Error Value: White=0.36/Black=0.26 (precise)} 0-1

[Event "Stare Mesto Open-A 2022"]
[Site "Stare Mesto"]
[Date "2022.08.12"]
[Round "1.3"]
[White "Szotkowski, Jakub"]
[Black "Knotek, Josef"]
[Result "1-0"]
[ECO "A46"]
[WhiteElo "2344"]
[BlackElo "1945"]
[Annotator "TA"]
[PlyCount "69"]
[EventDate "2022.08.12"]
[EventType "swiss"]
[EventCountry "CZE"]
[SourceTitle "playchess.com"]
[Source "ChessBase"]
[SourceQuality "1"]
[TimeControl "40/5400+30:1800+30"]

1. d4 Nf6 2. Nf3 d5 3. c4 g6 4. cxd5 Nxd5 5. e4 Nb6 6. h3 Bg7 7. Nc3 O-O 8. Be2 {[%emt 0:01:29] 8.Be3 gains popularity.} Nc6 9. Be3 e5 10. d5 {[%emt 0:00:38] D70: Grünfeld: Unusual White 3rd moves (met by ...d5).} Ne7 11. Qb3 (11. a4 $16) 11... c6 $14 12. Rd1 {[%emt 0:05:02] White is slightly better.} (12. d6 $5 Qxd6 13. Rd1 $16) 12... cxd5 13. exd5 Nf5 14. Bc5 (14. O-O {is more appropriate.}) 14... Re8 $11 {[%emt 0:03:55] aiming for ...Nd7.} 15. O-O Nd7 {[%emt 0:02:03] [#]} 16. Ba3 $146 (16. Be3 $11 {remains equal.}) ({Predecessor:} 16. Ne4 Nxc5 17. Nxc5 e4 18. Ne6 fxe6 19. dxe6 Qb6 20. Qa4 Bxe6 21. Ng5 Kh8 22. Bc4 Bxc4 23. Qxc4 {0-1 (31) Herrmann,L-Plater,K Sopot 1951}) 16... Nd4 $1 $17 17. Qc4 (17. Qa4 $17 {was forced.}) 17... b5 $19 18. Nxb5 Ba6 $2 (18... Nb6 $19 19. Rxd4 (19. Qd3 $2 e4 $19) 19... Nxc4 20. Rxc4 e4) 19. Nfxd4 $16 exd4 {[%emt 0:00:15] [#]} 20. Qc6 (20. Qa4 $1 $16 ) 20... Rxe2 (20... Nb6 $11 21. Bd3 Rc8) 21. Qxa6 d3 22. Rxd3 Bxb2 23. Re3 $36 {[%emt 0:04:04][%mdl 2048] White is in control.} Rxe3 24. fxe3 Be5 {[%emt 0:01:04] [#]} 25. d6 (25. Nd4 $1 $16) 25... Qg5 $11 26. Rf3 {[%emt 0:01:37] Strongly threatening Qc6. Active counter play!} Rb8 (26... Qh4 $11 27. Nd4 Qe1+ 28. Qf1 Qc3) 27. Qxa7 Rxb5 $4 ({Better is} 27... Qd8 $14 28. Qc7 Qe8) 28. Qxd7 $18 {[%emt 0:00:03] Really sharp!} Rb1+ 29. Kf2 Qh4+ (29... Bg3+ $142 30. Rxg3 Qa5) 30. g3 Bxg3+ 31. Kg2 Qc4 32. Qe8+ Kg7 33. Kxg3 {[%emt 0:01:31] d7 would kill now.} (33. d7 {gets mated.} Qc2+ 34. Kxg3 Rg1+ 35. Kh4 g5+ 36. Kh5 Qg6#) 33... Rg1+ 34. Kh2 Rg5 {[%emt 0:06:13] [#]} 35. Rxf7+ $3 {[%emt 0:00:11] Never resign too early!  Weighted Error Value: White=0.58/Black=0.88} 1-0

[Event "Stare Mesto Open-A 2022"]
[Site "Stare Mesto"]
[Date "2022.08.12"]
[Round "1.4"]
[White "Lang, Simon"]
[Black "Sramek, Vojtech"]
[Result "0-1"]
[ECO "B76"]
[WhiteElo "1942"]
[BlackElo "2249"]
[Annotator "TA"]
[PlyCount "52"]
[EventDate "2022.08.12"]
[EventType "swiss"]
[EventCountry "CZE"]
[SourceTitle "playchess.com"]
[Source "ChessBase"]
[SourceQuality "1"]
[TimeControl "40/5400+30:1800+30"]

1. e4 c5 2. Nf3 d6 3. d4 cxd4 4. Nxd4 Nf6 5. Nc3 g6 6. Be3 Bg7 7. f3 O-O 8. Bc4 Nc6 9. Bb3 Bd7 10. Qd2 Rc8 11. O-O-O Nxd4 $1 {[%emt 0:00:14][%mdl 4] now scores much better than the old 11...Ne5.} 12. Bxd4 b5 $1 13. h4 {[%emt 0:02:01] h5 is the strong threat. B78: Sicilian Dragon: Yugoslav Attack, 9 Bc4 Bd7 10 0-0-0 Rc8.} a5 $1 {[%emt 0:00:14] [#] White must now prevent ...a4.} 14. a3 b4 $1 15. axb4 {[%emt 0:03:27] The position is equal.} axb4 16. Nd5 Nxd5 17. Bxg7 ({Don't play} 17. Bxd5 Qa5 18. b3 Bxd4 19. Qxd4 Rc3 $19) 17... Kxg7 $40 {[%emt 0:00:12][%mdl 128] Black attacks.} 18. exd5 Qa5 19. Qd4+ Kg8 20. h5 {[%emt 0:40:28] And now hxg6 would win.} Bf5 {[%emt 0:01:57][%cal Of5c2] Strongly threatening ...Bxc2!} 21. g4 $2 {[%emt 0:02:08][%mdl 8192] [#] White does not recover from this.} (21. Kd2 $11) 21... Bxc2 $1 $19 {[%emt 0:02:19][%mdl 512] [#] Black is clearly winning.} 22. Bc4 $146 {[%emt 0:00:49][%cal Oh5h6] Threatens to win with h6!} (22. Bxc2 b3) ({Predecessor:} 22. Bxc2 b3 23. hxg6 Rxc2+ 24. Kb1 Qa2# {0-1 (24) Linke,M-Schwellnus,G freechess.de 2014}) 22... Bb3 23. Kd2 Rxc4 24. Qe3 Qxd5+ 25. Ke2 Bxd1+ 26. Rxd1 Qe5 {[%emt 0:00:09] Weighted Error Value: White=1.02/Black=0.01 (flawless)} 0-1

[Event "Stare Mesto Open-A 2022"]
[Site "Stare Mesto"]
[Date "2022.08.12"]
[Round "1.5"]
[White "Babula, Vlastimil"]
[Black "Balazec, Ludovit"]
[Result "1-0"]
[ECO "B90"]
[WhiteElo "2571"]
[BlackElo "1930"]
[Annotator "TA"]
[PlyCount "97"]
[EventDate "2022.08.12"]
[EventType "swiss"]
[EventCountry "CZE"]
[SourceTitle "playchess.com"]
[Source "ChessBase"]
[SourceQuality "1"]
[TimeControl "40/5400+30:1800+30"]

1. e4 c5 2. Nf3 d6 3. d4 cxd4 4. Nxd4 Nf6 5. Nc3 a6 6. Bc4 e6 7. Bb3 Nbd7 8. g4 Nc5 9. Qe2 {[%emt 0:05:28] B86: Sicilian Scheveningen/Najdorf: 6 Bc4, without early ...b5.} Be7 (9... b5 $142) 10. g5 $11 Nfd7 11. Rg1 {[%emt 0:01:15] White is slightly better.} O-O {[%emt 0:02:53] [#]} 12. Be3 $146 ({Predecessor:} 12. f4 Nxb3 13. axb3 Re8 14. Be3 b5 15. Ncxb5 Bb7 16. Nc3 Nc5 17. Bd2 Qb6 18. Na4 Nxa4 19. Rxa4 {0-1 (35) Tiemann,H-Bubis,A ICCF corr 1986}) 12... Qc7 13. O-O-O (13. f4 $5 ) 13... b5 14. Qh5 (14. f4 $11) 14... Bb7 $15 {[%emt 0:15:05] White must now prevent ...b4.} 15. Rg3 ({White should play} 15. Rg4 $15) 15... Nxb3+ (15... Bxe4 $2 16. Nxe4 g6 17. Qh6 $1 Nxe4 18. Rh3 Nxg5 19. Bxg5 Bxg5+ 20. Qxg5 $18) 16. axb3 {[%emt 0:00:32] Strongly threatening Rh3.} g6 $2 {[%emt 0:01:40][%mdl 8192] A mistake that costs the game.} (16... Rfc8 $1 $17 {and life is bright. And now ...b4 would win.} 17. b4 Nf8) 17. Qh6 $18 {[%emt 0:02:15] Intending Rh3 and mate.} Rfc8 $2 (17... Rfe8 {was necessary.} 18. Rh3 Nf8) 18. Rh3 Nf8 19. f4 {[%emt 0:05:48] Hoping for f5.} Bxg5 (19... b4 $2 20. f5 $1 (20. Na2 $2 Bxe4 21. Rd2 a5 $19) 20... Bxg5 21. Bxg5) 20. Qxg5 {[%emt 0:12:43] f5 is the strong threat.} b4 {[%emt 0:01:43] [#]} 21. Na4 (21. Nd5 $1 exd5 22. f5 (22. exd5 Qd8 $16)) 21... Bxe4 22. Rd2 f5 $2 (22... Re8 23. Qh6 Rab8) 23. Qf6 Re8 24. Nf3 Bxf3 25. Rxf3 Nd7 26. Qd4 d5 27. Nb6 Nxb6 28. Qxb6 Qxb6 29. Bxb6 a5 30. Bd4 Kf7 31. h4 h5 32. Be5 Ra6 33. Kb1 Rc6 34. Rg3 Rec8 35. Rdg2 Rg8 36. Kc1 Rcc8 37. Kd2 Rc6 38. Kd3 Rcc8 39. Rg1 Rc5 40. R3g2 Rc6 41. Ra1 Ra8 42. Ra4 Rc5 43. Rg1 Rac8 44. Rc1 R8c6 45. Rca1 Rxc2 46. Rxa5 Rc1 47. Ra7+ Kf8 48. R1a4 Rc8 49. Rh7 {[%emt 0:00:00] Weighted Error Value: White=0.25 (precise) /Black=0.80} 1-0

[Event "Stare Mesto Open-A 2022"]
[Site "Stare Mesto"]
[Date "2022.08.12"]
[Round "1.6"]
[White "Skalka, Jan"]
[Black "Murko, David"]
[Result "0-1"]
[ECO "A34"]
[WhiteElo "1909"]
[BlackElo "2213"]
[Annotator "TA"]
[PlyCount "146"]
[EventDate "2022.08.12"]
[EventType "swiss"]
[EventCountry "CZE"]
[SourceTitle "playchess.com"]
[Source "ChessBase"]
[SourceQuality "1"]
[TimeControl "40/5400+30:1800+30"]

1. c4 Nf6 2. g3 c5 3. Bg2 d5 4. cxd5 Nxd5 5. Nc3 Nc7 6. Nf3 Nc6 7. O-O e5 8. a3 f6 9. d3 Be7 10. Be3 {[%emt 0:03:51] A34: Symmetrical English: 2 Nc3, lines with ...d5.} O-O 11. Ne4 b6 12. Rc1 {[%emt 0:03:48][%cal Ob2b4] Black has an edge.} Bd7 13. Bd2 Kh8 14. Qc2 {[%emt 0:18:23] [#]} Rc8 $146 ({Predecessor:} 14... Ne6 15. e3 Rc8 16. Qb1 a5 17. Bc3 Be8 18. h3 Qd7 19. Rfd1 Bf7 20. g4 Rfd8 {½-½ (74) Manzi,L (2047)-Viana,D (2201) Rio de Janeiro 2018}) 15. Qb1 a5 16. Nc3 Nd4 17. Nxd4 exd4 18. Na2 (18. Nd5 $15 Nxd5 19. Bxd5) 18... a4 19. b4 (19. e3 $15) 19... axb3 20. Qxb3 Be6 21. Qb2 Bd5 22. e4 dxe3 23. Bxe3 Bxg2 24. Kxg2 f5 25. Nc3 Ne6 ({Much worse is} 25... Qxd3 $6 26. Qxb6 Nd5 27. Nxd5 Qxd5+ 28. Kg1 $11) 26. Qb3 Rc6 27. Ne2 {[%emt 0:02:37][%cal Od3d4] Against f4} Rd6 {[%emt 0:03:13] Against d4} 28. Nf4 Nxf4+ 29. Bxf4 Rxd3 30. Qe6 ({White should try} 30. Rc3 Rxc3 31. Qxc3) 30... Bd6 $1 $17 31. Bxd6 Rxd6 32. Qe5 f4 33. gxf4 (33. Rc3 $17 {was necessary.}) 33... Re8 $19 34. Qh5 (34. Qc3) 34... Qa8+ 35. f3 Rh6 (35... g6 36. Qg5 $17) (35... Re2+ $142 36. Rf2 Rg6+ 37. Kf1 Qxa3 38. Rxe2 Qxc1+ 39. Re1 Qc4+ 40. Re2 Re6) 36. Qf5 Qd8 {[%emt 0:04:37] Prevents Qd3.} (36... Qxa3 $2 37. Rfe1 Rg8 38. Qe4 $19) (36... Re2+ $19 37. Rf2 Rxh2+ $3 38. Kxh2 Rxf2+ 39. Kg1 Rxf3) 37. Rf2 (37. Rfe1 $17 {was called for.}) 37... Rf8 ({Not} 37... Qh4 38. Kf1) 38. Qe5 Qh4 39. Kg1 Qxf4 40. Qxf4 Rxf4 $17 {[%emt 0:00:03][%mdl 4096] Endgame KRR-KRR} 41. Rb1 Kg8 42. Rb3 Kf7 43. Rd2 c4 44. Re3 Re6 45. Rd7+ $2 (45. Rc3) 45... Kf6 (45... Ke8 $142 46. Rxe6+ Kxd7) 46. Rc3 $19 Re2 {[%emt 0:01:43] ...b5 is the strong threat.} 47. Rd6+ Ke5 {[%emt 0:00:10] Black is more active.} 48. Rxb6 {[%emt 0:00:25] [#]} g5 ({Stronger than} 48... Kd4 {[#]} 49. Rxc4+ $1 Kxc4 50. Rb4+ Kd3 51. Rxf4 $11) (48... Rd4 $1 $19 49. Rb1 Ra2) 49. Rc6 (49. Rc1 $15) 49... Rd4 (49... Kd5 $17 50. Rc8 Re6) 50. Rc1 $11 Rdd2 {[%emt 0:04:54] And now ...Rg2+ would win.} 51. R6xc4 Rg2+ 52. Kh1 Rxh2+ 53. Kg1 Rhg2+ 54. Kh1 Kf5 55. Re4 (55. Rc5+ $15 Kg6 56. Rc7) 55... Rgf2 $17 56. Rc5+ Kg6 57. Re1 {[%emt 0:00:25][%mdl 8192] Prevents Rf1+. Now White is beyond hope.} (57. Rc6+ $17 Kh5 58. Kg1) 57... Rxf3 $19 58. Ra1 Rff2 59. a4 Rh2+ 60. Kg1 Rdg2+ 61. Kf1 Rh1+ 62. Kxg2 Rxa1 {[%emt 0:00:03] KR-KR} 63. a5 Kh5 {[%emt 0:00:27] Black mates.} 64. Kg3 Ra3+ 65. Kg2 Kh4 66. Rc6 h5 67. a6 g4 68. Rf6 Kg5 69. Rb6 Ra2+ 70. Kg1 Kh4 71. Rh6 Kg3 72. Kf1 h4 73. Rb6 Ra1+ {[%emt 0:00:49] Weighted Error Value: White=0.65/Black=0.31} 0-1

[Event "Stare Mesto Open-A 2022"]
[Site "Stare Mesto"]
[Date "2022.08.12"]
[Round "1.7"]
[White "Husek, Martin"]
[Black "Hradek, Matyas"]
[Result "1-0"]
[ECO "D10"]
[WhiteElo "2132"]
[BlackElo "1888"]
[Annotator "TA"]
[PlyCount "79"]
[EventDate "2022.08.12"]
[EventType "swiss"]
[EventCountry "CZE"]
[SourceTitle "playchess.com"]
[Source "ChessBase"]
[SourceQuality "1"]
[TimeControl "40/5400+30:1800+30"]

1. d4 d5 2. c4 c6 3. Nc3 Nf6 4. cxd5 cxd5 5. Bf4 Nc6 6. e3 a6 7. Bd3 e6 8. Rc1 {[%emt 0:00:09] 8.Nf3 is the modern continuation.} Bd6 9. Bxd6 {[%emt 0:00:14] D10: Slav Defence: 3 cxd5 (without early Nf3) and 3 Nc3.} Qxd6 10. f4 Bd7 11. Nf3 {[%emt 0:00:56] White is slightly better.} Ng4 12. Ne5 (12. Qd2 $14) 12... Nxe3 $11 13. Qe2 Nc4 (13... Nxe5 $2 14. fxe5 Nxg2+ 15. Qxg2 $18) 14. Bxc4 dxc4 {[%emt 0:01:05] [#]} 15. d5 $146 {[%emt 0:01:42] [#]} (15. Qxc4 $11 O-O 16. Qc5 Qxc5 17. dxc5 Nxe5 18. fxe5) ({Predecessor:} 15. Qxc4 Rc8 16. Ne4 Qe7 17. Nxd7 Qxd7 18. O-O O-O 19. Rfd1 Ne7 20. Nc5 Qd6 21. g3 {½-½ (41) Zatonskih,A (2447)-Blom,V (2228) Belgium 2017}) 15... Nxe5 $1 $17 16. fxe5 Qe7 ({Black should play} 16... Qc7 $17 17. Rd1 exd5 18. Nxd5 Qc5) 17. Ne4 {[%emt 0:15:50] Hoping for Nd6+.} O-O (17... exd5 18. Nd6+ Kd8 19. O-O $14) 18. d6 Qh4+ 19. Ng3 (19. g3 $15 Qh3 20. Rf1) 19... Rac8 20. Qe3 {[%emt 0:06:27] Against Qd4} f5 (20... c3 $1 $17 21. Rxc3 Rxc3 22. bxc3 Bb5) 21. O-O $11 Bc6 {[%emt 0:06:49] [#] Strongly threatening ...f4.} 22. Rf4 $132 {[%emt 0:02:14][%mdl 2048] White puts up resistance} Qh6 {[%emt 0:00:53] ...g5 is the strong threat.} 23. h4 ({Wrong is} 23. Rcxc4 $2 g5 24. Rf3 Bxf3 25. Rxc8 Rxc8 $19) (23. Ne2 $5 ) 23... Bd5 24. Rd1 c3 25. bxc3 Rc4 (25... Bxa2 $11 {keeps the balance.} 26. d7 Rcd8) 26. Ne2 $16 {[%emt 0:04:14][%cal Bg3e2,Be2f4,Bf4e6][%mdl 32] And now d7 would win.} Rxf4 (26... Bc6 $142) 27. Nxf4 ({Don't play} 27. Qxf4 $6 Bxa2 28. Qf2 Bb3 $11) 27... Bc6 28. Qd4 {[%emt 0:15:04] 0x0.00145026211cdp-1022s more active pieces.} g5 $2 {[%emt 0:00:38][%mdl 8192] This costs Black the game.} (28... a5 $16 {is a better chance.} 29. Qf2 Rd8) 29. hxg5 $18 Qxg5 30. Qf2 Rf7 (30... Kf7 $142 31. Rd3 Rg8) 31. Nxe6 Qg4 32. Rd4 f4 33. Nxf4 {[%emt 0:00:25] Threatens to win with e6.} Bd7 {[%emt 0:01:07] Inhibits e6.} 34. e6 $2 (34. Qd2) 34... Bxe6 35. Qe3 Bd7 36. Nd5 Qe6 37. Qg5+ Rg7 $2 (37... Kh8 38. Ne7 Rg7) 38. Qd8+ Kf7 39. Rf4+ Kg6 40. Rf6+ {[%emt 0:00:13] Weighted Error Value: White=0.31/Black=0.64} 1-0

[Event "Stare Mesto Open-A 2022"]
[Site "Stare Mesto"]
[Date "2022.08.12"]
[Round "1.8"]
[White "Fialka, Adam"]
[Black "Skalsky, Alexandr"]
[Result "0-1"]
[ECO "B22"]
[WhiteElo "1847"]
[BlackElo "2187"]
[Annotator "TA"]
[PlyCount "72"]
[EventDate "2022.08.12"]
[EventType "swiss"]
[EventCountry "CZE"]
[SourceTitle "playchess.com"]
[Source "ChessBase"]
[SourceQuality "1"]
[TimeControl "40/5400+30:1800+30"]

1. e4 c5 2. c3 Nf6 3. Bd3 Nc6 4. Nf3 g6 5. O-O Bg7 6. Bc2 d6 7. d4 {[%emt 0:05:34] B50: Sicilian: 2...d6, Miscellaneous.} cxd4 8. Nxd4 O-O 9. Na3 {[%emt 0:07:15] The position is equal.} Bd7 {[%emt 0:12:38] [#]} 10. f3 $146 ({Predecessor:} 10. Nc4 Nxd4 11. cxd4 Bb5 12. Bd3 Nxe4 13. Qb3 Bc6 14. Re1 Nf6 15. Bg5 Rc8 16. Qa3 {0-1 (30) Majdoub,J (1645)-Koelle,T (2380) Sousse 2021}) 10... a6 11. Be3 Qc7 12. Bb3 {[%emt 0:05:27] Prevents d5.} Na5 13. Qd2 b5 14. Bh6 Rab8 15. Bxg7 Kxg7 16. Nac2 Qb6 {[%emt 0:14:28] White must now prevent ...e5.} 17. Kh1 Rfc8 18. Rae1 e5 19. Nf5+ Bxf5 20. exf5 Nc4 (20... b4 $1 $11) 21. Qc1 (21. Bxc4 $14 Rxc4 22. Ne3) 21... Nd5 $15 22. Re4 f6 $36 {[%emt 0:00:38][%mdl 2048] Black has good play.} (22... Nf4 $5 23. Nb4 a5 $15) 23. g3 Ne7 24. fxg6 hxg6 ({Resist} 24... Nxg6 25. Ne3 $14) 25. Re2 $1 ({Much worse is} 25. Rh4 Nf5 26. Rh3 Rh8 27. Rxh8 Rxh8 28. Bxc4 bxc4 $17) 25... Rh8 26. Ne3 $2 {[%emt 0:01:32] [#] Loses the game.} (26. Bxc4 $15 bxc4 27. Ne3) 26... Nxe3 $1 $19 27. Rxe3 (27. Qxe3 Qxe3 28. Rxe3) 27... Nf5 $1 28. Rfe1 Rh6 (28... Rh3 $142 {Strongly threatening ...Rbh8.} 29. g4 Nxe3 30. Qxe3 Qxe3 31. Rxe3 Rbh8) 29. Kg2 (29. R3e2 $142 Nxg3+ 30. Kg2 Nxe2 31. Rxe2) 29... Rbh8 30. h4 {[%emt 0:00:08] [#]} Nxe3+ $2 (30... Nxg3 $1 31. Kxg3 Rxh4) 31. Rxe3 g5 {[%emt 0:02:09][%cal Bg6g5,Bg5h4,Bh4h3][%mdl 32] aiming for ...f5.} 32. Qd2 gxh4 33. Qd5 $2 (33. g4) 33... Rf8 34. Re4 h3+ 35. Kh2 Qf2+ 36. Kh1 Qg2# {Weighted Error Value: White=1.03/Black=0.60} 0-1

[Event "Stare Mesto Open-A 2022"]
[Site "Stare Mesto"]
[Date "2022.08.13"]
[Round "2.1"]
[White "Vodak, Rostislav"]
[Black "Haba, Petr"]
[Result "0-1"]
[ECO "A06"]
[WhiteElo "2004"]
[BlackElo "2453"]
[Annotator "TA"]
[PlyCount "70"]
[EventDate "2022.08.12"]
[EventType "swiss"]
[EventCountry "CZE"]
[SourceTitle "playchess.com"]
[Source "ChessBase"]
[SourceQuality "1"]
[TimeControl "40/5400+30:1800+30"]

1. Nf3 d5 2. e3 Nf6 3. b3 g6 4. Bb2 Bg7 5. d4 O-O 6. Bd3 c5 7. dxc5 {[%emt 0:01:15] D04: Colle System.} Qa5+ 8. Nbd2 Qxc5 9. c4 {[%emt 0:07:19] The position is equal.} Nc6 10. O-O dxc4 11. Nxc4 Rd8 12. Qe2 (12. Rc1 {looks sharper.} Bg4 13. Nce5 Qa5 14. Bc3) 12... Bg4 {[%emt 0:01:07] [#]} 13. Rac1 $146 ({Predecessor:} 13. Rfd1 Rac8 14. Rac1 Qh5 15. h3 Bxf3 16. Qxf3 Qxf3 17. gxf3 Nd5 18. Bxg7 Kxg7 19. Be4 e6 20. f4 Ncb4 21. Bb1 Nc6 22. Be4 Ncb4 23. Bb1 Nc6 24. Be4 {½-½ (24) Doci,S (2103)-Guthrie,D (2175) England 2012}) 13... Bxf3 14. gxf3 Qh5 15. Rfd1 Rd5 16. Bxf6 Bxf6 17. f4 Qh3 18. Qf1 Qe6 19. Be2 Rxd1 20. Rxd1 b5 21. Nd2 Rd8 22. Nf3 (22. Bf3 $5 ) 22... b4 23. Rxd8+ Nxd8 24. Bc4 Qg4+ 25. Qg2 Qf5 26. Qf1 {[%emt 0:01:29] Prevents Qb1.} Nb7 27. Qe2 Nc5 $1 28. Ne1 a5 29. f3 (29. Bd3 $11 Nxd3 30. Nxd3) 29... Qb1 $17 {[%emt 0:05:49] And now ...Bh4 would win.} 30. Kg2 e6 31. Nd3 Nd7 {[%emt 0:00:31] Black is much more active.} (31... Nxd3 $142 32. Bxd3 Qc1) 32. Nf2 Nb6 33. Bd3 Qa1 34. Nd1 (34. Be4 $15) 34... Nd5 {[%emt 0:01:24][%cal Oa1d1] White must now prevent ...Qxd1!} 35. Bc4 $2 {[%emt 0:01:29] [#]} (35. Kh3 $17) 35... Qxd1 $3 {[%emt 0:00:41][%mdl 512] Weighted Error Value: White=0.33/Black=0.08 (flawless)} 0-1